 Dungeon Crawl Stone Soup version 0.29-a0-563-g64e4043184 (webtiles) character file.

Game seed: 13116728024307343770

387 spaghetti the Skirmisher (level 6, 0/53 HPs)
             Began as a Gnoll Wanderer on June 12, 2022.
             Slain by a hound (1 damage)
             ... on level 5 of the Dungeon.
             The game lasted 00:08:18 (4864 turns).

spaghetti the Skirmisher (Gnoll Wanderer)           Turns: 4864, Time: 00:08:19

Health: 0/53       AC:  4    Str: 11    XL:     6   Next: 78%
Magic:  0/11       EV: 12    Int: 12    God:
Gold:   1399       SH:  0    Dex: 16    Spells: 11/12 levels left

rFire   . . .      SeeInvis .   a - +0 dagger {short}
rCold   + . .      Faith    .   (no shield)
rNeg    . . .      Spirit   .   o - +1 leather armour of the Blizzard {rPois rC+ Int+3}
rPois   +          Reflect  .   (no helmet)
rElec   .          Harm     .   (no cloak)
rCorr   .          Rampage  .   (no gloves)
Will    .....                   (no boots)
Stlth   ++........              (no amulet)
HPRegen 0.17/turn               (no ring)
MPRegen 0.12/turn               (no ring)

@: no status effects
A: fangs 1, strong nose, distributed training
a: no special abilities


You were on level 5 of the Dungeon.
You visited 1 branch of the dungeon, and saw 5 of its levels.

You collected 1399 gold pieces.


Innate Abilities, Weirdness & Mutations

You have very sharp teeth.
Your uncanny sense of smell can sniff out nearby items.
Your experience applies equally to all skills.


   Skills:
 + Level 6.9 Fighting
 + Level 2.1 Short Blades
 + Level 2.1 Long Blades
 + Level 2.1 Axes
 + Level 2.1 Maces & Flails
 + Level 2.1 Polearms
 + Level 2.1 Staves
 + Level 2.1 Slings
 + Level 2.1 Bows
 + Level 2.1 Crossbows
 + Level 2.1 Throwing
 + Level 2.1 Armour
 + Level 3.3 Dodging
 + Level 2.1 Stealth
 + Level 2.1 Shields
 + Level 2.1 Unarmed Combat
 + Level 3.5 Spellcasting
 + Level 1.6 Conjurations
 + Level 1.6 Hexes
 + Level 1.6 Summonings
 + Level 1.6 Necromancy
 + Level 1.6 Translocations
 + Level 5.7 Transmutations
 + Level 1.6 Fire Magic
 + Level 4.1 Ice Magic
 + Level 1.6 Air Magic
 + Level 1.6 Earth Magic
 + Level 1.6 Poison Magic
 + Level 2.3 Invocations
 + Level 2.1 Evocations


You had 11 spell levels left.
You knew the following spells:

 Your Spells              Type           Power      Damage    Failure   Level
a - Sting                 Tmut/Pois      44%        1d5       7%          1

Your spell library contained the following spells:

 Spells                   Type           Power      Damage    Failure   Level
 Beastly Appendage        Tmut           30%        N/A       3%          1
 Freeze                   Ice            48%        1d7       5%          1
 Frozen Ramparts          Ice            24%        1d4       17%         3
 Ozocubu's Armour         Ice            12%        N/A       17%         3
 Ice Form                 Ice/Tmut       14%        N/A       36%         4
 Petrify                  Tmut/Erth      11%        N/A       54%         4
 Summon Ice Beast         Ice/Summ       9%         N/A       67%         4
 Fireball                 Conj/Fire      3%         3d4       99%         5
 Starburst                Conj/Fire      3%         6d3       100%        6
 Ignition                 Fire           3%         3d4       100%        8

Inventory:

Hand Weapons
 a - a +0 dagger (weapon) {short}
 e - a +2 scimitar of draining {long}
   (You took it off Blork the orc on level 4 of the Dungeon)
Missiles
 g - a javelin {throwing}
 h - 75 stones (quivered) {throwing}
 s - 5 poisoned darts {throwing}
Armour
 c - a +0 leather armour
 o - the +1 leather armour of the Blizzard (worn) {rPois rC+ Int+3}
   (You found it on level 3 of the Dungeon)

   Int:       It affects your intelligence (+3).
   rC:        It protects you from cold.
   rPois:     It protects you from poison.
Magical Staves
 p - a staff of fire {!astaff}
   (You found it on level 3 of the Dungeon)
Scrolls
 b - a scroll of fog
 d - 3 scrolls of silence {!r}
 f - a scroll of identify {@r1}
 i - 5 scrolls of teleportation {@r4}
 m - 2 scrolls of poison
Potions
 j - a potion of cancellation

Dungeon Overview and Level Annotations

Branches:
Dungeon (5/15)
 Temple: D:4-7

Altars:

Shops:
D:1 =   D:2 ?

Annotations:
D:4 1 runed translucent door, grumblor's ghost, amateur OpMo

...((.( .......
....... .......
..... ...
#################.#
#.......@h..†..(..#
##.################
#.# #.# #.#
#.#########
#.........#
#########.# #.#


You could see a hound (poisoned).


Message History

😮 MP[-1]
You lost 1 mp, and now have 2/11 mp.
Casting: Sting (safe; 7% risk of failure)
Confirm with . or Enter, or press ? or * to list all spells.
Aiming: Sting (safe; 7% risk of failure)
Press: ? - help, Shift-Dir - straight line, f - iguana
Aim: an iguana (75% to hit)
The sting hits the iguana.
The iguana is poisoned.
The iguana misses you. 😮 MP[-1]
You lost 1 mp, and now have 1/11 mp.
Casting: Sting (safe; 7% risk of failure)
Confirm with . or Enter, or press ? or * to list all spells.
Aiming: Sting (safe; 7% risk of failure)
Press: ? - help, Shift-Dir - straight line, f/p - iguana
Aim: an iguana (moderately wounded, poisoned, 75% to hit)
The sting hits the iguana but does no damage.
The iguana looks even sicker.
The iguana misses you. 😮 MP[-1]
You lost 1 mp, and now have 0/11 mp.
Casting: Sting (safe; 7% risk of failure)
Confirm with . or Enter, or press ? or * to list all spells.
You don't have enough magic to cast this spell.
Casting: Sting (safe; 7% risk of failure)
Confirm with . or Enter, or press ? or * to list all spells.
You don't have enough magic to cast this spell.
Casting: Sting (safe; 7% risk of failure)
Confirm with . or Enter, or press ? or * to list all spells.
You don't have enough magic to cast this spell.
Unknown command.
You hit the iguana but do no damage.
The iguana bites you but does no damage.
You barely miss the iguana. Your bite misses the iguana.
The iguana closely misses you. 😮 HP[+1]
You barely miss the iguana. The iguana bites you!
* * * LOW HITPOINT WARNING * * *
Your magical contamination has completely faded away. 😨 HP[-8]
You take 8 damage, and now have 23/53 hp.
You hit the iguana. You bite the iguana, but do no damage.
The iguana misses you.
Unknown command.
Unknown command.
The hound barks!
You hit the iguana. The iguana bites you.
* * * LOW HITPOINT WARNING * * *
😨 HP[-5]
You take 5 damage, and now have 18/53 hp.
You hit the iguana but do no damage. You bite the iguana, but do no damage.
The iguana bites you!
* * * LOW HITPOINT WARNING * * *
😱 HP[-13] MP[+1]
You take 13 damage, and now have 5/53 hp.
MASSIVE DAMAGE!! (PAUSE)
Casting: Sting (safe; 7% risk of failure)
Confirm with . or Enter, or press ? or * to list all spells.
Aiming: Sting (safe; 7% risk of failure)
Press: ? - help, Shift-Dir - straight line, f/p - iguana
Aim: an iguana (severely wounded, poisoned, 75% to hit)
The sting hits the iguana.
The iguana looks even sicker.
The iguana closely misses you. 😱 MP[-1]
You lost 1 mp, and now have 0/11 mp. 😱 HP[+1]
You aren't carrying any items that you can evoke.
Okay, then.
Okay, then.
Unknown command.
The iguana attacks as you move away!
The iguana bites you but does no damage.
The iguana attacks as you move away! The iguana closely misses you.
You kill the iguana! 😱 MP[+1] 😱 HP[+1]
Casting: Sting (safe; 7% risk of failure)
Confirm with . or Enter, or press ? or * to list all spells.
Aiming: Sting (safe; 7% risk of failure)
Press: ? - help, Shift-Dir - straight line, f - hound
Aim: a hound (60% to hit)
The sting hits the hound but does no damage.
The hound is poisoned.
The hound misses you. 😱 MP[-1]
You lost 1 mp, and now have 0/11 mp.
You hit the hound. Your bite misses the hound. The hound misses you.
The hound bites you.
* * * LOW HITPOINT WARNING * * *
😱 HP[-5]
You take 5 damage, and now have 2/53 hp.
You hit the hound. The hound bites you.
* * * LOW HITPOINT WARNING * * *
😱 HP[-1]
You take 1 damage, and now have 1/53 hp.
You aren't carrying any items that you can evoke.
Throw: 2 javelins {throwing}
Press: ? - help, Shift-Dir - straight line, f/p - hound
Aim: a hound (heavily wounded, poisoned, 54% to hit)
You throw a javelin {throwing}.
The javelin {throwing} closely misses the hound.
The hound bites you.
You die...

Skill      XL: |  1  2  3  4  5  6 |
---------------+-------------------+-----
Invocations    | 1 2 |  2.3
Short Blades   | 1 2 |  2.1
Long Blades    | 1 2 |  2.1
Axes           | 1 2 |  2.1
Maces & Flails | 1 2 |  2.1
Polearms       | 1 2 |  2.1
Staves         | 1 2 |  2.1
Slings         | 1 2 |  2.1
Bows           | 1 2 |  2.1
Crossbows      | 1 2 |  2.1
Throwing       | 1 2 |  2.1
Armour         | 1 2 |  2.1
Stealth        | 1 2 |  2.1
Shields        | 1 2 |  2.1
Unarmed Combat | 1 2 |  2.1
Evocations     | 1 2 |  2.1
Spellcasting   | 3 |  3.5
Conjurations   | 1 |  1.6
Hexes          | 1 |  1.6
Summonings     | 1 |  1.6
Necromancy     | 1 |  1.6
Translocations | 1 |  1.6
Fire Magic     | 1 |  1.6
Air Magic      | 1 |  1.6
Earth Magic    | 1 |  1.6
Poison Magic   | 1 |  1.6
Dodging        | 3 |  3.3
Ice Magic      | 4 |  4.1
Fighting       | |  6.9
Transmutations | |  5.7

Action                   |  1- 3 |  4- 6 || total
-------------------------+-------+-------++-------
Melee: Dagger            |   119 |    72 ||   191
       Bite              |     8 |     9 ||    17
       Punch             |     4 |     1 ||     5
Throw: Stone             |    45 |    12 ||    57
       Javelin           |       |     1 ||     1
 Cast: Sting             |    37 |    61 ||    98
  Use: Potion            |     4 |     4 ||     8
       Scroll            |     1 |     7 ||     8
 Stab: Sleeping          |     1 |       ||     1
Armor: Leather armour    |    26 |    32 ||    58
       Skin              |    25 |       ||    25
Dodge: Dodged            |    55 |   112 ||   167

Levels and vault maps discovered:
D:1:      co_arrival_random_square_maze, layout_loops_ring,
          nicolae_shop_unique_rings
D:2:      layout_rooms, nicolae_ecumenical_lake_church, serial_shops, shop
D:3:      layout_basic
D:4:      layout_rooms, ebering_ghost_reflecting_pool, uniq_blork_the_orc,
          uniq_eustachio
D:5:      layout_basic

Notes
Turn   | Place    | Note
-------+----------+-------------------------------------------
     0 | D:1      | spaghetti the Gnoll Wanderer began the quest for the Orb.
     0 | D:1      | spaghetti set off with the following items: a +0 dagger
                  | {short}, a scroll of fog, a +0 leather armour, a scroll of
                  | silence {!r}; and the following spells available to
                  | memorise: Beastly Appendage, Freeze, Sting, Ozocubu's
                  | Armour, Petrify
     0 | D:1      | Reached XP level 1. HP: 23/23 MP: 4/4
     0 | D:1      | magus.rc [v1.9.6]
     2 | D:1      | Learned a level 1 spell: Sting
   266 | D:1      | Reached XP level 2. HP: 29/29 MP: 2/5
   487 | D:1      | Found Jetha's One-of-a-Kind Rings.
   697 | D:1      | You pick up a book of Fire and begin reading...
   697 | D:1      | You add the spells Fireball, Starburst and Ignition to your
                  | library.
  1058 | D:1      | Reached XP level 3. HP: 35/35 MP: 7/7
  1585 | D:2      | Reached skill level 1 in Invocations
  1641 | D:2      | HP: 7/35 [worm (8)]
  1643 | D:2      | HP: 3/52 [frozen (5)]
  1645 | D:2      | HP: 1/52 [frozen (2)]
  2314 | D:2      | Found Qees's Magic Scroll Shop.
  2331 | D:2      | Reached skill level 1 in Short Blades
  2331 | D:2      | Reached skill level 1 in Long Blades
  2331 | D:2      | Reached skill level 1 in Axes
  2331 | D:2      | Reached skill level 1 in Maces & Flails
  2331 | D:2      | Reached skill level 1 in Polearms
  2331 | D:2      | Reached skill level 1 in Staves
  2331 | D:2      | Reached skill level 1 in Slings
  2331 | D:2      | Reached skill level 1 in Bows
  2331 | D:2      | Reached skill level 1 in Crossbows
  2331 | D:2      | Reached skill level 1 in Throwing
  2331 | D:2      | Reached skill level 1 in Armour
  2331 | D:2      | Reached skill level 1 in Stealth
  2331 | D:2      | Reached skill level 1 in Shields
  2331 | D:2      | Reached skill level 1 in Unarmed Combat
  2331 | D:2      | Reached skill level 1 in Evocations
  2456 | D:2      | You fall into a shaft and drop 1 floor!
  2564 | D:3      | Identified the +1 leather armour of the Blizzard {rPois rC+
                  | Int+3}
  2759 | D:3      | Reached XP level 4. HP: 41/41 MP: 8/8
  2815 | D:3      | Noticed a centaur
  2832 | D:3      | Killed a centaur
  2833 | D:3      | Reached skill level 3 in Spellcasting
  2833 | D:3      | Reached skill level 1 in Conjurations
  2833 | D:3      | Reached skill level 1 in Hexes
  2833 | D:3      | Reached skill level 1 in Summonings
  2833 | D:3      | Reached skill level 1 in Necromancy
  2833 | D:3      | Reached skill level 1 in Translocations
  2833 | D:3      | Reached skill level 1 in Fire Magic
  2833 | D:3      | Reached skill level 1 in Air Magic
  2833 | D:3      | Reached skill level 1 in Earth Magic
  2833 | D:3      | Reached skill level 1 in Poison Magic
  2833 | D:3      | Reached XP level 5. HP: 17/47 MP: 1/9
  3090 | D:3      | You pick up a book of Rime and begin reading...
  3090 | D:3      | You add the spells Frozen Ramparts, Ice Form and Summon Ice
                  | Beast to your library.
  3640 | D:4      | Found a runed translucent door.
  3646 | D:4      | Noticed grumblor's ghost (amateur OpMo)
  3661 | D:4      | Reached skill level 3 in Dodging
  3717 | D:4      | Reached skill level 4 in Ice Magic
  3770 | D:4      | Noticed Blork the orc
  3778 | D:4      | HP: 10/42 [ufetubus (1)]
  3790 | D:4      | HP: 5/42 [Blork the orc/puff of frost (3)]
  3799 | D:4      | Killed Blork the orc
  3800 | D:4      | Reached skill level 2 in Invocations
  3800 | D:4      | Reached XP level 6. HP: 6/53 MP: 4/10
  3971 | D:4      | Identified a scroll of acquirement
  4105 | D:4      | Acquired 1204 gold pieces
  4371 | D:4      | HP: 9/53 [phantom (7)]
  4373 | D:4      | HP: 3/53 [frozen (2)]
  4783 | D:5      | Entered Level 5 of the Dungeon
  4844 | D:5      | Reached skill level 2 in Short Blades
  4844 | D:5      | Reached skill level 2 in Long Blades
  4844 | D:5      | Reached skill level 2 in Axes
  4844 | D:5      | Reached skill level 2 in Maces & Flails
  4844 | D:5      | Reached skill level 2 in Polearms
  4844 | D:5      | Reached skill level 2 in Staves
  4844 | D:5      | Reached skill level 2 in Slings
  4844 | D:5      | Reached skill level 2 in Bows
  4844 | D:5      | Reached skill level 2 in Crossbows
  4844 | D:5      | Reached skill level 2 in Throwing
  4844 | D:5      | Reached skill level 2 in Armour
  4844 | D:5      | Reached skill level 2 in Stealth
  4844 | D:5      | Reached skill level 2 in Shields
  4844 | D:5      | Reached skill level 2 in Unarmed Combat
  4844 | D:5      | Reached skill level 2 in Evocations
  4851 | D:5      | HP: 5/53 [iguana (13)]
  4862 | D:5      | HP: 2/53 [hound (5)]
  4864 | D:5      | Slain by a hound

Vanquished Creatures
  A centaur (D:3)
  Blork the orc (D:4)
  A scorpion (D:5)
  A hound (D:5)
  An iguana (D:5)
  6 adders
  An ufetubus (D:4)
  2 worms (D:2)
  2 dart slugs
  An orc (D:4)
  4 ball pythons
  2 bats
  6 endoplasms
  2 giant cockroaches (D:3)
  4 goblins
  7 hobgoblins
  5 kobolds
  3 quokkas
  7 frilled lizards
  2 rats (D:1)
59 creatures vanquished.

Table legend:
 A = Non-vault XP
 B = Vault XP
 C = Vault XP percentage of total XP
 D = Non-vault monster count
 E = Vault monster count
 F = Vault count percentage of total count
                 A         B        C        D         E       F
            +---------+---------+-------+---------+---------+-------
      Total |     453 |     100 |  18.1 |      58 |       1 |   1.7
            +---------+---------+-------+---------+---------+-------
        D:1 |      52 |       0 |   0.0 |      24 |       0 |   0.0
        D:2 |      21 |       0 |   0.0 |       8 |       0 |   0.0
        D:3 |     135 |       0 |   0.0 |      13 |       0 |   0.0
        D:4 |      84 |     100 |  54.3 |      10 |       1 |   9.1
        D:5 |     161 |       0 |   0.0 |       3 |       0 |   0.0
            +---------+---------+-------+---------+---------+-------

Illustrated notes

Table legend:
 A = Kills in this place as a percentage of kills in entire the game.
 B = Kills by you in this place as a percentage of kills by you in the entire game.
 C = Kills by friends in this place as a percentage of kills by friends in the entire game.
 D = Other kills in this place as a percentage of other kills in the entire game.
 E = Experience gained in this place as a percentage of experience gained in the entire game.
 F = Experience gained in this place divided by the number of levels of this place that you have seen.
                   A       B       C       D       E      F
               +-------+-------+-------+-------+-------+----------------------
         Total | 100.0 | 100.0 |   N/A |   N/A | 100.0 | 110.6
       Dungeon | 100.0 | 100.0 |   N/A |   N/A | 100.0 | 110.6
               +-------+-------+-------+-------+-------+----------------------

Table legend: (Time is in decaauts)
 A = Elapsed time spent in this place.
 B = Non-inter-level travel time spent in this place.
 C = Inter-level travel time spent in this place.
 D = Time resting spent in this place.
 E = Time spent auto-exploring this place.
 F = Levels seen in this place.
 G = Mean time per level.
                   A        B        C        D        E       F      G
               +--------+--------+--------+--------+--------+-----+--------+
         Total |   4839 |   4755 |     84 |   1234 |   2901 |   5 |  967.8 |
       Dungeon |   4839 |   4755 |     84 |   1234 |   2901 |   5 |  967.8 |
               +--------+--------+--------+--------+--------+-----+--------+

Top non-repeatable levels by time:
     D:1: 1937 daAuts
     D:3: 1158 daAuts
     D:4: 1143 daAuts
     D:2: 520 daAuts
     D:5: 79 daAuts
